 Dungeon Crawl Stone Soup version 0.27.1-3-gb3d3a73c9e (webtiles) character file.

Game seed: 11686617609276782398

89 Crownlay the Digger (level 4, 0/24 HPs)
             Began as a Gargoyle Earth Elementalist on Oct 10, 2021.
             Killed by nerve-wracking pain
             ... invoked by an orc priest
              (4 damage)
             ... on level 3 of the Dungeon.
             The game lasted 00:02:32 (2331 turns).

Crownlay the Digger (Gargoyle Earth Elementalist)   Turns: 2331, Time: 00:02:33

Health: 0/24       AC:  5    Str: 12    XL:     4   Next: 55%
Magic:  8/9        EV: 11    Int: 16    God:
Gold:   93         SH:  0    Dex: 10    Spells: 3/9 levels left

rFire    . . .     SeeInvis .   e - +2 short sword (drain)
rCold    . . .     Faith    .   (no shield)
rNeg     + . .     Spirit   .   b - +0 robe
rPois    ∞         Reflect  .   (no helmet)
rElec    +         Harm     .   (no cloak)
rCorr    .         Rampage  .   (no gloves)
Will     .....                  (no boots)
Stlth    ++........             (no amulet)
HPRegen  0.08/turn              (no ring)
MPRegen  0.11/turn              (no ring)

@: flying, hasted, very quick
A: sickness immunity, AC +3, negative energy resistance 1, electricity
resistance, torment resistance 1, petrification resistance
a: no special abilities


You were on level 3 of the Dungeon.
You visited 1 branch of the dungeon, and saw 3 of its levels.

You collected 93 gold pieces.

Inventory:

Hand Weapons
 e - a +2 short sword of draining (weapon)
Missiles
 c - 105 stones
Armour
 b - a +0 robe (worn)
Wands
 j - a wand of polymorph (9)
Scrolls
 d - 2 scrolls of teleportation {unknown}
 f - a scroll of summoning {unknown}
 g - a scroll of immolation {unknown}
 i - a scroll of noise {unknown}


   Skills:
 - Level 1.5 Dodging
 - Level 2.1 Stealth
 + Level 3.3 Spellcasting
 - Level 0.7 Transmutations
 + Level 5.1 Earth Magic


You had 3 spell levels left.
You knew the following spells:

 Your Spells              Type           Power      Damage    Failure   Level
a - Sandblast             Erth           38%        2d10      2%          1
b - Stone Arrow           Conj/Erth      20%        3d8       19%         3
c - Passwall              Tmut/Erth      10%        N/A       9%          2

Your spell library contained the following spells:

 Spells                   Type           Power      Damage    Failure   Level
 Petrify                  Tmut/Erth      12%        N/A       47%         4


Dungeon Overview and Level Annotations

Branches:
Dungeon (3/15)

Altars:

Annotations:
D:3 Sigmund


Innate Abilities, Weirdness & Mutations

You are immune to sickness and miasma.
Your stone body is resilient. (AC +3)
You are immune to poison.
You resist negative energy. (rN+)
You are resistant to electric shocks. (rElec)
You are resistant to unholy torment.
You are immune to petrification.


Message History

No target in view!
No target in view!
No target in view!
No target in view!
Magic restored.
You see here a hobgoblin corpse.
Found a scroll labelled ZEFOTHR SIOLIE.
i - a scroll labelled GEANUM VIMEU
There is a stone staircase leading down here.
j - a wand of polymorph (9)
Found a stone staircase leading down.
d - 2 scrolls labelled ZEFOTHR SIOLIE (gained 1)
A goblin and 2 orcs come into view.
Found 14 poisoned darts.
The goblin shouts!
The orc shouts!
You hear a shout!
An orc priest comes into view. It is wielding a +0 hand axe.
The orc shouts!
A hobgoblin comes into view.
Sigmund the Dreaded comes into view.
He is wielding a +0 scythe.
The orc priest begins to cast a cantrip, but forgets the words!
The orc misses you.
The blast of sand hits the orc but does no damage.
The orc hits you but does no damage.
The blast of sand hits the orc but does no damage.
The goblin hits you with a +0 club.
The orc priest calls down the wrath of Beogh upon you.
Beogh smites you!
Ouch! That really hurt!
The orc hits you with a +0 trident.
* * * LOW HITPOINT WARNING * * *
Okay, then.
The orc misses you.
It was a potion of flight.
You feel very buoyant.
You fly up into the air.
The goblin closely misses you.
It was a potion of haste.
You feel yourself speed up. The goblin hits you but does no damage.
The orc priest invokes the aid of Beogh against you.
Pain shoots through your body!
You die...

# #..#####.#...###
#.....##.†......
#..##.##.#.#.## #
#.....†.......#
#.##..#.....†....#
#..................#
####>.#.#..........#
#..#.#.###.###..#
#.@#.#.#..... .#
##..#.#.#.....# #
#.........>....
#..g....#..
#.#...#.#
#...o#..###.
#.##o.......
#.##.###.##. #.#.##
#.#


You could see an orc priest, an orc and a goblin.

Vanquished Creatures
  4 adders
  2 dart slugs
  4 endoplasms
  2 giant cockroaches
  4 goblins (D:1)
  8 hobgoblins
  4 kobolds
  3 quokkas
  A ball python (D:3)
  7 bats
  3 frilled lizards
  6 rats
48 creatures vanquished.

Notes
Turn   | Place    | Note
-------+----------+-------------------------------------------
     0 | D:1      | Crownlay the Gargoyle Earth Elementalist began the quest
                  | for the Orb.
     0 | D:1      | Reached XP level 1. HP: 10/10 MP: 3/3
   277 | D:1      | Found a faded altar of an unknown god.
   427 | D:1      | Reached XP level 2. HP: 13/15 MP: 5/5
   500 | D:1      | Reached skill level 4 in Earth Magic
  1027 | D:1      | Reached XP level 3. HP: 18/19 MP: 6/6
  1031 | D:1      | Learned a level 3 spell: Stone Arrow
  1224 | D:1      | Learned a level 2 spell: Passwall
  1756 | D:2      | Reached XP level 4. HP: 24/24 MP: 8/8
  2271 | D:3      | Reached skill level 5 in Earth Magic
  2318 | D:3      | Noticed Sigmund
  2331 | D:3      | Killed from afar by an orc priest

Illustrated notes

Levels and vault maps discovered:
D:1:      lemuel_arrival_behind_the_door_small, layout_basic,
          ebering_ecumenical_altar_webs
D:2:      layout_loops_ring, kennysheep_generic_room_14
D:3:      layout_loops_ring, nemelex_dance_club_becter, st_stairs_3,
          amcnicky_mini_corridor_feature, kennysheep_cluttered_room,
          uniq_sigmund

Skill      XL: |  1  2  3  4 |
---------------+-------------+-----
Earth Magic    | 4 5 |  5.1
Spellcasting   | 3 |  3.3
Dodging        | |  1.5
Stealth        | |  2.1
Transmutations | |  0.7

Action                   |  1- 3 |  4- 6 || total
-------------------------+-------+-------++-------
Melee: Club              |    12 |       ||    12
       Short sword       |    81 |    22 ||   103
 Cast: Sandblast         |     6 |     5 ||    11
  Use: Potion            |       |     2 ||     2
 Stab: Sleeping          |     5 |     1 ||     6
Armor: Robe              |    33 |    13 ||    46
Dodge: Dodged            |    60 |    19 ||    79
